 Dungeon Crawl Stone Soup version 0.22-a0-877-g5c4e1afb51 (webtiles) character file.

3026 MirrMurr the Spear-Bearer (level 9, -6/150 HPs)
             Began as an Ogre Berserker on July 29, 2018.
             Was a Priest of Trog.
             Mangled by a two-headed ogre
             ... wielding a +0 giant spiked club
              (9 damage)
             ... on level 8 of the Dungeon.
             The game lasted 00:16:55 (8854 turns).

MirrMurr the Spear-Bearer (Ogre Berserker)          Turns: 8854, Time: 00:16:56

Health: -6/150     AC:  8    Str: 28    XL:     9   Next: 85%
Magic:  9/9        EV: 12    Int:  8    God:    Trog [***...]
Gold:   415        SH:  0    Dex: 11    Spells: 8/8 levels left

rFire    . . .     SeeInvis .   a - +0 trident (curse)
rCold    + . .     Gourm    .   (no shield)
rNeg     . . .     Faith    .   e - +2 robe
rPois    .         Spirit   .   (helmet restricted)
rElec    .         Reflect  .   p - +2 cloak
rCorr    .         Harm     .   (gloves unavailable)
MR       .....                  (boots unavailable)
Stlth    ..........             j - amulet of the acrobat
HPRegen  0.35/turn              g - ring of protection from cold
MPRegen  0.11/turn              (no ring)

@: berserking, drained, very quick
A: large, unfitting armour, tough skin 1
a: Berserk, Trog's Hand, Renounce Religion


You were on level 8 of the Dungeon.
You worshipped Trog.
Trog was most pleased with you.
You were near starving.

You visited 1 branch of the dungeon, and saw 8 of its levels.

You collected 471 gold pieces.
You spent 56 gold pieces at shops.

Inventory:

Hand Weapons
 a - a cursed +0 trident (weapon)
 b - a +0 halberd
Missiles
 f - 31 poisoned needles
 l - 99 sling bullets
 o - 2 javelins (quivered)
 q - 369 stones
 t - 18 bolts
 G - 2 throwing nets
Armour
 e - a +2 robe (worn)
 p - a +2 cloak (worn)
Jewellery
 g - a ring of protection from cold (left hand)
 j - an amulet of the acrobat (around neck)
Wands
 u - a wand of random effects (14)
 w - a wand of acid (10)
 F - a wand of clouds (3)
Scrolls
 d - 6 scrolls of teleportation
 r - 2 scrolls of remove curse
 y - a scroll of blinking
Potions
 h - 3 potions of lignification
 k - 5 potions of mutation
 m - 3 potions of might
 n - 2 potions of ambrosia
 s - a potion of berserk rage
 x - 2 potions of invisibility
 z - 3 potions of curing
 A - a potion of heal wounds
 D - a potion of resistance
 E - a potion of agility
Miscellaneous
 H - a lamp of fire
Comestibles
 c - 9 rations
 i - 11 chunks of flesh


   Skills:
 + Level 9.6(8.4) Fighting
 * Level 10.0(8.7) Polearms
 + Level 6.6(5.5) Dodging


You had 8 spell levels left.
You didn't know any spells.
Your spell library was empty.

Dungeon Overview and Level Annotations

Branches:
Dungeon (8/15)             Temple (0/1) D:5            Lair (0/6) D:8

Altars:
Cheibriados
Fedhas
Gozag
Makhleb
Nemelex Xobeh
Okawaru
Ru

Shops:
D:6 *


Innate Abilities, Weirdness & Mutations

You are too large for most types of armour.
You have tough skin. (AC +1)


Message History

You feel less resistant to hostile enchantments.
The two-headed ogre hits you with a giant spiked club!!
The two-headed ogre hits you with a dire flail!
* * * LOW HITPOINT WARNING * * *
You puncture the two-headed ogre!
The two-headed ogre is heavily wounded.
The two-headed ogre hits you with a giant spiked club!!
* * * LOW HITPOINT WARNING * * *
The two-headed ogre hits you with a dire flail!
* * * LOW HITPOINT WARNING * * *
You puncture the two-headed ogre!
The two-headed ogre is severely wounded.
You barely miss the two-headed ogre.
The two-headed ogre is severely wounded.
Unknown command.
You barely miss the two-headed ogre.
The two-headed ogre is severely wounded.
The two-headed ogre misses you.
The two-headed ogre hits you with a dire flail!
You die...

#................#
#................#
#................#######
#................##....#
#................##.##.#
#######..........##<##.#####
### #..........#####.....#
....o###...################)###
..........oooO@.....>.....#...#
.....###...##############.#.###
o.. #...## #.#.# . #....#
#.#.### #....# #.#...# #....#
###.#.### #....# #...#..#
#>...# #.####.# #....# #.# #.#


You could see a two-headed ogre, an orc wizard and 2 orcs.

Vanquished Creatures
  Harold (D:7)
  Sigmund (D:4)
  Menkaure (D:7)
  Edmund (D:4)
  An orc warrior (D:7)
  A necrophage (D:6)
  6 ogres
  A big kobold (D:4)
  3 bullfrogs
  A scorpion (D:7)
  3 electric eels (D:6)
  2 crimson imps
  2 jellies
  5 orc wizards
  3 orc priests
  2 hounds
  3 iguanas
  2 worker ants
  Ijyb (D:4)
  2 hound skeletons (D:6)
  5 adders
  3 gnolls (D:4)
  A shadow imp (D:7)
  2 oozes (D:2)
  3 adder skeletons
  2 worms
  8 dart slugs
  2 leopard geckos
  22 orcs
  A ball python (D:1)
  6 giant cockroaches
  8 goblins
  5 hobgoblins
  3 jackals (D:1)
  3 quokkas
  4 bats
  5 frilled lizards
  5 kobolds
  A quokka skeleton (D:4)
  A quokka zombie (D:7)
  6 rats
138 creatures vanquished.

Vanquished Creatures (others)
  A dart slug (D:6)
1 creature vanquished.

Grand Total: 139 creatures vanquished

Notes
Turn   | Place    | Note
-------+----------+-------------------------------------------
     0 | D:1      | MirrMurr the Ogre Berserker began the quest for the Orb.
     0 | D:1      | Reached XP level 1. HP: 24/24 MP: 1/1
    94 | D:1      | Reached XP level 2. HP: 21/32 MP: 2/2
   735 | D:2      | Reached XP level 3. HP: 38/40 MP: 3/3
  1737 | D:2      | Reached skill level 4 in Polearms
  1737 | D:2      | Reached XP level 4. HP: 32/49 MP: 4/4
  2000 | D:3      | Reached ** piety under Trog
  2295 | D:3      | Reached skill level 5 in Fighting
  2367 | D:3      | Found a snail-covered altar of Cheibriados.
  2367 | D:3      | Found a blossoming altar of Fedhas.
  2370 | D:3      | Found an opulent altar of Gozag.
  2371 | D:3      | Found a sparkling altar of Nemelex Xobeh.
  2431 | D:3      | Reached XP level 5. HP: 42/57 MP: 5/5
  2893 | D:3      | Found a burning altar of Makhleb.
  3040 | D:3      | Found a sacrificial altar of Ru.
  3249 | D:4      | Noticed a big kobold
  3275 | D:4      | Reached skill level 5 in Polearms
  3278 | D:4      | Reached XP level 6. HP: 36/66 MP: 6/6
  3700 | D:4      | Noticed Sigmund
  3710 | D:4      | Killed Sigmund
  3710 | D:4      | Reached XP level 7. HP: 75/75 MP: 7/7
  3733 | D:4      | Noticed Edmund
  3775 | D:4      | Killed Edmund
  3775 | D:4      | Reached skill level 6 in Polearms
  3947 | D:4      | Noticed Ijyb
  3963 | D:4      | Killed Ijyb
  4559 | D:5      | Entered Level 5 of the Dungeon
  4698 | D:5      | Found a staircase to the Ecumenical Temple.
  5102 | D:5      | Found an iron altar of Okawaru.
  5110 | D:5      | Reached XP level 8. HP: 78/87 MP: 8/8
  5424 | D:6      | Reached skill level 7 in Polearms
  5710 | D:6      | Reached skill level 5 in Dodging
  6021 | D:6      | Reached *** piety under Trog
  6401 | D:6      | Found Kala's General Store.
  6411 | D:6      | Bought a scroll of identify for 28 gold pieces
  6411 | D:6      | Bought a scroll of identify for 28 gold pieces
  6595 | D:6      | Found a burning altar of Makhleb.
  6647 | D:6      | Reached skill level 8 in Polearms
  6926 | D:7      | Got an ancient amethyst amulet
  6955 | D:7      | Reached XP level 9. HP: 96/96 MP: 9/9
  7152 | D:7      | Noticed Menkaure
  7513 | D:7      | Killed Menkaure
  7736 | D:7      | Noticed Harold
  7761 | D:7      | Killed Harold
  7761 | D:7      | Reached skill level 9 in Polearms
  8612 | D:8      | Identified the amulet "Jozebb" {Harm *Drain rPois} (You found it on level 7 of the Dungeon)
  8757 | D:8      | Found a staircase to the Lair.
  8836 | D:8      | Noticed a two-headed ogre
  8838 | D:8      | Reached skill level 10 in Polearms
  8851 | D:8      | HP: 2/150 [two-headed ogre/giant spiked club (12)]
  8854 | D:8      | Mangled by a two-headed ogre

Vault maps used:
D:1:      dpeg_arrival_tiny_g
D:2:      serial_glass, glass_columns_c, glass_columns_a
D:3:      nicolae_overflow_hidden_temple, minitemple, first_ration,
          nicolae_ru_great_annihilating_truth
D:4:      sigmund_edmund_badplayer, uniq_ijyb
D:5:      okawaru_gym_becter, temple_pool_b, hangedman_glass_teeth
D:6:      kennysheep_slugbush, serial_shops, shop, portal_sewer_entry_f,
          makhleb_blood_cavern_becter
D:7:      cheibrodos_iron_armory, dk_noncrumbling_2, uniq_menkaure, uniq_harold
D:8:      old_standard_altar, marbit_many_paths

Skill      XL: |  1  2  3  4  5  6  7  8  9 |
---------------+----------------------------+-----
Dodging        | 3 4 5 6 |  6.6
Polearms       | 4 5 6 8 10 | 10.0
Fighting       | 5 6 7 8 9 |  9.6

Action                   |  1- 3 |  4- 6 |  7- 9 || total
-------------------------+-------+-------+-------++-------
Melee: Spear             |   135 |   192 |   343 ||   670
       Halberd           |       |       |    20 ||    20
       Trident           |       |       |    17 ||    17
Invok: Berserk           |     1 |     3 |    10 ||    14
       Trog's Hand       |       |     3 |     5 ||     8
  Use: Scroll            |     7 |     5 |    15 ||    27
 Stab: Paralysed         |       |     4 |       ||     4
       Sleeping          |       |     2 |     3 ||     5
  Eat: Chunk             |     2 |    11 |    19 ||    32
       Ration            |       |       |     2 ||     2
Armor: Robe              |    46 |    42 |    59 ||   147
Dodge: Dodged            |    54 |    52 |   139 ||   245

Table legend:
 A = Spawn XP
 B = Non-spawn XP
 C = Spawn XP percentage of total XP
 D = Spawn monster count
 E = Non-spawn monster count
 F = Spawn count percentage of total count
 G = Total turns spent on level
                    A         B        C        D         E        F      G
               +---------+---------+-------+---------+---------+-------+---------
         Total |       0 |    4324 |   0.0 |       0 |     138 |   0.0 |  8854
               +---------+---------+-------+---------+---------+-------+---------
           D:1 |       0 |      26 |   0.0 |       0 |      16 |   0.0 |   689
           D:2 |       0 |      60 |   0.0 |       0 |      15 |   0.0 |  1300
           D:3 |       0 |     184 |   0.0 |       0 |      31 |   0.0 |  1475
           D:4 |       0 |     701 |   0.0 |       0 |      19 |   0.0 |  1146
           D:5 |       0 |     258 |   0.0 |       0 |       8 |   0.0 |   983
           D:6 |       0 |     822 |   0.0 |       0 |      22 |   0.0 |  1587
           D:7 |       0 |    1916 |   0.0 |       0 |      19 |   0.0 |  1511
           D:8 |       0 |     357 |   0.0 |       0 |       8 |   0.0 |   163
               +---------+---------+-------+---------+---------+-------+---------
